 Dungeon Crawl Stone Soup version 0.28-b1-25-g9875b3fc8c (webtiles) character file.

Game seed: 17900655171832571406

298 Lathuz the Chopper (level 6, -1/56 HPs)
             Began as a Minotaur Berserker on Feb 3, 2022.
             Was a Believer of Trog.
             Slain by an orc (2 damage)
             ... on level 3 of the Dungeon.
             The game lasted 00:06:57 (2606 turns).

Lathuz the Chopper (Minotaur Berserker)             Turns: 2606, Time: 00:06:57

Health: -1/56      AC:  6    Str: 24    XL:     6   Next: 13%
Magic:  5/5        EV:  3    Int:  4    God:    Trog [**....]
Gold:   92         SH:  9    Dex:  9    Spells: 5/5 levels left

rFire   . . .      SeeInvis .   a - +0 hand axe
rCold   . . .      Faith    .   f - +0 tower shield
rNeg    . . .      Spirit   .   e - +0 ring mail
rPois   .          Reflect  .   (helmet restricted)
rElec   .          Harm     .   (no cloak)
rCorr   .          Rampage  .   (no gloves)
Will    .....                   (no boots)
Stlth   ..........              (no amulet)
HPRegen 0.18/turn               (no ring)
MPRegen 0.09/turn               (no ring)

@: constricted
A: horns 2, retaliatory headbutt
a: Renounce Religion, Berserk, Trog's Hand


You were on level 3 of the Dungeon.
You worshipped Trog.
Trog was pleased with you.
You visited 1 branch of the dungeon, and saw 3 of its levels.

You collected 92 gold pieces.

Inventory:

Hand Weapons
 a - a +0 hand axe (weapon)
Missiles
 s - 68 stones (quivered)
Armour
 e - a +0 ring mail (worn)
 f - a +0 tower shield (worn)
Wands
 i - a wand of iceblast (4)
Scrolls
 c - a scroll of teleportation {unknown}
 g - 2 scrolls of enchant armour {unknown}
 j - a scroll of silence {unknown}
 Z - 3 scrolls of identify {@r1}
Potions
 b - a potion of mutation {unknown}
 d - a potion of flight {unknown}
 J - 2 potions of curing {@q1}


   Skills:
 + Level 5.1 Fighting
 * Level 6.4 Axes
 + Level 4.4 Armour
 - Level 2.1 Dodging


You had 5 spell levels left.
You didn't know any spells.
Your spell library was empty.

Dungeon Overview and Level Annotations

Branches:
Dungeon (3/15)

Altars:
Zin


Innate Abilities, Weirdness & Mutations

You have a pair of horns on your head.
You reflexively headbutt those who attack you in melee.


Message History

You are electrocuted!
The ball python hisses angrily.
You hit the orc.
You kill the orc!
You hit the orc but do no damage. You closely miss the orc.
You barely miss the orc.
The orc hits you with a +2 whip of electrocution.
You are too injured to fight recklessly!
You are too injured to fight recklessly!
You are too injured to fight recklessly!
You are too injured to fight recklessly!
You hit the orc.
The orc is heavily wounded.
You closely miss the orc. The orc hits you with a +0 flail.
The orc hits you with a +2 whip of electrocution.
* * * LOW HITPOINT WARNING * * *
You are electrocuted!
* * * LOW HITPOINT WARNING * * *
The orc hits you with a +0 flail.
* * * LOW HITPOINT WARNING * * *
The ball python bites you.
* * * LOW HITPOINT WARNING * * *
You barely miss the orc.
The orc is heavily wounded.
You closely miss the orc. You hit the ball python.
The orc hits you with a +2 whip of electrocution.
* * * LOW HITPOINT WARNING * * *
You closely miss the ball python.
The ball python is severely wounded.
You slash the orc!
You kill the orc!
The ball python bites you.
* * * LOW HITPOINT WARNING * * *
The ball python grabs you. The ball python constricts you. x2
You closely miss the ball python.
The ball python is severely wounded.
You hit the orc. The ball python constricts you.
* * * LOW HITPOINT WARNING * * *
The orc hits you with a +2 whip of electrocution.
You die...

##....### ###...>...+
+........ #........# ...
#........ #........# ...
#........ .........+ ...
+........ .........####..
#.(......
...#...#.##...###........
####.....##...##.o(....#
+...............@S).(..#
###.............(.(.(((..
#.............†.#####..[.
#...........)...# ...
#...............+ .
.......#####+####
..........##+## #.
..............#...
..............#...


You could see an orc and a ball python.

Vanquished Creatures
  Pargi (D:3)
  A black bear (D:3)
  2 adders (D:2)
  2 worms (D:2)
  6 dart slugs
  3 orcs (D:3)
  6 endoplasms
  5 giant cockroaches
  13 goblins
  8 hobgoblins
  A kobold (D:2)
  2 quokkas
  4 ball pythons
  4 bats (D:1)
  3 frilled lizards
  A rat (D:1)
62 creatures vanquished.

Notes
Turn   | Place    | Note
-------+----------+-------------------------------------------
     0 | D:1      | Lathuz the Minotaur Berserker began the quest for the Orb.
     0 | D:1      | Reached XP level 1. HP: 19/19 MP: 0/0
   176 | D:1      | Reached skill level 4 in Axes
   180 | D:1      | Reached XP level 2. HP: 25/27 MP: 1/1
   674 | D:1      | Reached XP level 3. HP: 33/33 MP: 2/2
   676 | D:1      | Reached ** piety under Trog
   728 | D:1      | Found a faded altar of an unknown god.
  1086 | D:2      | Found a glowing silver altar of Zin.
  1302 | D:2      | Reached XP level 4. HP: 30/41 MP: 3/3
  1598 | D:2      | Reached skill level 5 in Axes
  2163 | D:3      | Noticed Pargi
  2178 | D:3      | Killed Pargi
  2179 | D:3      | Reached XP level 5. HP: 20/47 MP: 4/4
  2429 | D:3      | Noticed a black bear
  2436 | D:3      | Killed a black bear
  2437 | D:3      | Reached skill level 5 in Fighting
  2437 | D:3      | Reached skill level 6 in Axes
  2437 | D:3      | Reached XP level 6. HP: 56/56 MP: 5/5
  2605 | D:3      | HP: 2/56 [ball python (1)]
  2606 | D:3      | Slain by an orc

Illustrated notes

Levels and vault maps discovered:
D:1:      dpeg_arrival_windows_large_door, layout_rooms,
          hellmonk_ecumenical_altar_lost_god, minmay_misc_feat_four_crosses,
          nrook_mini_backslash
D:2:      kennysheep_the_goblin_king, layout_rooms, basic_altar,
          minmay_tromino_v4_a
D:3:      layout_basic, uniq_pargi, uniq_grinder

Skill      XL: |  1  2  3  4  5 |
---------------+----------------+-----
Axes           | 4 5 6 |  6.4
Fighting       | 4 5 |  5.1
Armour         | 3 4 |  4.4
Dodging        | |  2.1

Action                   |  1- 3 |  4- 6 || total
-------------------------+-------+-------++-------
Melee: Hand axe          |    88 |    55 ||   143
       Headbutt          |     7 |     9 ||    16
Throw: Javelin           |     6 |    16 ||    22
       Stone             |     3 |    15 ||    18
Invok: Berserk           |       |     2 ||     2
  Use: Scroll            |       |     1 ||     1
Armor: Animal skin       |    17 |     3 ||    20
       Ring mail         |       |    25 ||    25
Dodge: Dodged            |    50 |     8 ||    58
Block: Tower shield      |    26 |    42 ||    68
